AoeStats
← Peixe-Aranha

Arena

507601153Analyzed
1v1 RM · 12d ago on Sep 19, 2026· 71m 16s· 2 players
Game mode
Random Map
Map size
Tiny (2 player)
Population
200
Speed
Normal
Resources
Standard
Victory
Conquest
Starting age
Dark Age
Ending age
Imperial Age
RankedLock teamsTeams togetherTeam positionsShared explorationLock speedFull tech treeHidden civsTurbo modeCheats
Victory
Defeat
🇦🇷 Franks · Argentina
816
+19
🇵🇹 Vietnamese · Portugal
871
-19
santy_santi
9:54 Loom
11:40 Feudal Age
13:53 Double-Bit Axe
17:09 Castle Age
15:08 Stone Mining
15:09 Gold Mining
15:12 Loom
16:32 Scale Barding Armor
18:29 Bow Saw
19:15 Wheelbarrow
19:42 Chain Barding Armor
22:13 Pikeman
23:25 Husbandry
26:05 Town Watch
32:15 Imperial Age
31:58 Hand Cart
34:29 Halberdier
34:32 Cavalier
37:19 Chemistry
38:11 Plate Barding Armor
38:53 Conscription
41:44 #83
41:25 Chivalry
40:46 Elite Throwing Axeman
43:40 Paladin
45:11 Forging
45:21 Siege Engineers
45:27 Masonry
47:02 Murder Holes
47:18 Fortified Wall
48:35 Heavy Scorpion
64:27 Ballistics
Peixe-Aranha
5:17 Loom
12:15 Feudal Age
17:21 Castle Age
15:40 Horse Collar
15:46 Double-Bit Axe
18:19 Heavy Plow
18:31 Bow Saw
25:11 Pikeman
30:03 Wheelbarrow
29:24 Fletching
33:53 Ballistics
37:31 Imperial Age
35:28 Bodkin Arrow
35:33 Padded Archer Armor
37:15 Squires
37:01 Arson
37:28 Forging
37:18 Scale Mail Armor
37:49 Fortified Wall
39:57 Chemistry
38:53 Murder Holes
41:47 Bracer
42:22 Iron Casting
42:03 Chain Mail Armor
42:49 Siege Engineers
42:50 Halberdier
44:17 Thumb Ring
45:23 Plate Mail Armor
45:10 Leather Archer Armor
47:08 Chatras
48:36 Two-Man Saw
48:04 Bloodlines
49:03 Paper Money
51:58 Light Cavalry
53:02 Elite Rattan Archer
56:49 Scale Barding Armor
61:27 Onager
65:13 Elite Skirmisher
68:33 Elite Battle Elephant
Connection lost

Rejoining the realm…

Still unreachable

The connection could not be restored.

Session expired

The server has moved on; the page needs a fresh start.